 Dungeon Crawl Stone Soup version 0.22.1-1-ga44c0e5 (webtiles) character file.

121 brandon the Firebug (level 4, -2/24 HPs)
             Began as a Deep Elf Fire Elementalist on Oct 5, 2018.
             Killed by divine providence
             ... invoked by an orc priest
              (16 damage)
             ... on level 3 of the Dungeon.
             The game lasted 00:08:20 (2976 turns).

brandon the Firebug (Deep Elf Fire Elementalist)    Turns: 2976, Time: 00:08:22

Health: -2/24      AC:  2    Str:  5    XL:     4   Next: 76%
Magic:  16/21      EV: 17    Int: 21    God:
Gold:   139        SH:  0    Dex: 15    Spells: 1/11 levels left

rFire    . . .     SeeInvis .   n - +0 mace (protect)
rCold    . . .     Gourm    .   (no shield)
rNeg     . . .     Faith    .   a - +0 robe
rPois    .         Spirit   .   (no helmet)
rElec    .         Reflect  .   (no cloak)
rCorr    .         Harm     .   (no gloves)
MR       .....                  (no boots)
Stlth    ++........             (no amulet)
HPRegen  0.08/turn              l - ring of magical power
MPRegen  0.17/turn              h - +4 ring of evasion

@: very slightly contaminated
A: no striking features
a: no special abilities


You were on level 3 of the Dungeon.
You were not hungry.

You visited 1 branch of the dungeon, and saw 3 of its levels.

You collected 139 gold pieces.

Inventory:

Hand Weapons
 e - a +1 short sword
 n - a +0 mace of protection (weapon)
Armour
 a - a +0 robe (worn)
Jewellery
 h - a +4 ring of evasion (right hand)
 i - an uncursed ring of flight
 l - a ring of magical power (left hand)
Scrolls
 d - a scroll of remove curse
 g - 3 scrolls of blinking
 m - 2 scrolls of identify {unknown}
 p - a scroll of amnesia {unknown}
 q - a scroll of enchant armour {unknown}
Potions
 b - a potion of curing {unknown}
 f - 2 potions of magic {unknown}
 k - a potion of berserk rage {unknown}
 o - 2 potions of brilliance {unknown}
 r - a potion of mutation {unknown}
Comestibles
 c - 6 rations


   Skills:
 - Level 2.4 Dodging
 - Level 2.4 Stealth
 + Level 4.1 Spellcasting
 * Level 3.7 Conjurations
 + Level 4.2 Fire Magic


You had one spell level left.
You knew the following spells:

 Your Spells              Type           Power        Failure   Level  Hunger
a - Flame Tongue          Conj/Fire      ###..        2%          1    None
b - Throw Flame           Conj/Fire      ###...       3%          2    #......
c - Conjure Flame         Conj/Fire      ###.....     7%          3    ###....
d - Sticky Flame          Conj/Fire      ###.....     22%         4    ####...

Your spell library contained the following spells:

 Spells                   Type           Power        Failure   Level  Hunger
 Inner Flame              Hex/Fire       ##......     16%         3    ###....
 Fireball                 Conj/Fire      ###.......   54%         5    ######.


Dungeon Overview and Level Annotations

Branches:
Dungeon (3/15)

Altars:

Annotations:
D:2 Sigmund
D:3 1 runed door


Message History

The orc priest calls down the wrath of Beogh upon you.
Beogh smites you!
* * * LOW HITPOINT WARNING * * *
Casting: Flame Tongue (safe; 2% risk of failure)
Confirm with . or Enter, or press ? or * to list all spells.
Aiming: Flame Tongue (safe; 2% risk of failure)
Press: ? - help, Shift-Dir - straight line, f/p - orc priest
Aim: an orc priest, wielding a hand axe and wearing a leather armour (severely The flame tongue misses the orc priest.
Casting: Flame Tongue (safe; 2% risk of failure)
Confirm with . or Enter, or press ? or * to list all spells.
Aiming: Flame Tongue (safe; 2% risk of failure)
Press: ? - help, Shift-Dir - straight line, f/p - orc priest
Aim: an orc priest, wielding a hand axe and wearing a leather armour (severely The flame tongue hits the orc priest.
The orc priest is almost dead.
The orc priest calls down the wrath of Beogh upon you.
Beogh smites you!
Ouch! That really hurt!
You die...

...##################.####.......
#### ####### #.# #...####
#####.....## #.# #......#
#..........###.# #...##.#
#..........'...# #...##.#
#..........###.####...##.#
#.................'.......
#.........#########.......
###....).o.@........#....... .
#.......##'#..........)#.... .
#.......##.#<..........#†... ..
+........).#...........#.##.
wo####.......####...........#.##.
....##........##....#########.##.
#.##.o......##'##########......
#...........#...........#.#....
##########..=......(....#.#####


You could see an orc priest.

Vanquished Creatures
  Jessica (D:2)
  2 adders (D:3)
  2 worms
  2 dart slugs
  A leopard gecko (D:2)
  3 orcs
  13 bats
  2 giant cockroaches (D:2)
  5 goblins
  9 hobgoblins
  2 quokkas
  3 frilled lizards
  11 kobolds
  6 rats
62 creatures vanquished.

Notes
Turn   | Place    | Note
-------+----------+-------------------------------------------
     0 | D:1      | brandon the Deep Elf Fire Elementalist began the quest for
                  | the Orb.
     0 | D:1      | Reached XP level 1. HP: 10/10 MP: 6/6
   144 | D:1      | Reached XP level 2. HP: 13/15 MP: 5/8
   248 | D:1      | Learned a level 2 spell: Throw Flame
   714 | D:2      | Noticed Jessica
   716 | D:2      | Killed Jessica
   716 | D:2      | Reached XP level 3. HP: 19/19 MP: 7/10
  1005 | D:2      | Noticed Sigmund
  1452 | D:2      | Reached XP level 4. HP: 24/24 MP: 11/11
  1879 | D:3      | Learned a level 3 spell: Conjure Flame
  1884 | D:3      | Learned a level 4 spell: Sticky Flame
  2704 | D:3      | Found a runed door.
  2976 | D:3      | Killed from afar by an orc priest

Skill      XL: |  1  2  3  4 |
---------------+-------------+-----
Conjurations   | 2 3 |  3.7
Fire Magic     | 4 |  4.2
Spellcasting   | 4 |  4.1
Dodging        | |  2.4
Stealth        | |  2.4

Action                   |  1- 3 |  4- 6 || total
-------------------------+-------+-------++-------
Melee: Short sword       |     6 |       ||     6
 Cast: Flame Tongue      |    52 |    20 ||    72
       Throw Flame       |    18 |    33 ||    51
       Sticky Flame      |       |     1 ||     1
  Use: Scroll            |     3 |     1 ||     4
  Eat: Chunk             |       |     6 ||     6
       Ration            |       |     1 ||     1
Armor: Robe              |    10 |       ||    10
Dodge: Dodged            |    39 |     3 ||    42
